← All builds
Pond / Armada / Economy first / OBSERVED BUILD

Standard pond

Armada Pond build order · Supreme Isthmus

Pond's usual economy-first play: Bot Lab around 5:35, boosting the fronts with tidal/wind, then Advanced Metal Extractor and T1 units to help front.

#eco #team support · 492 distinct matches · 109 players · 60% of Armada Pond games · team won 49% of 560 · Recently observed

HOW TO PLAY IT

Key timing: Bot Lab by 5:42

  1. Open tidal, then wind to start boosting front's economy.
  2. Take mex and keep boosting wind or tidal depending on front's needs.
  3. Get a Bot Lab up, start sending Tick and Pawn to front.
  4. Add Advanced Metal Extractor to scale up team's economy.
  5. Switch to tick spam if enemy reaches T2 front before you do.

Phase by phase

TYPICAL OF ITS 492 GAMES
  1. 1
  2. 2
PLAY THE OPENING

Follow the example game's first 6:00 step by step: what to build now, what comes next, and where it goes. At 1× it keeps pace with your own game.

  1. 1

    Up to the Bot Lab

    Economy
    • Metal Extractor4Mex
    • Wind Turbine10Wind
    • Tidal Generator8Tidalfor allies
    • Tidal Generator1Tidal
    • Energy Storage1Energy storage
    Order
    1. Bot LabBot Lab after 4 mex, 10 wind, 1 energy storagedone ~5:36, middle half 3:31–7:01

    Some games also: converter (45%)

    By 5:05 in all: 4 mex · 10 wind · 1 tidal · 1 energy storage

    The example game in this phase · 15 steps
    1. Tidal ×10for Suicide front
    2. Tidal
    3. Mex ×4
    4. Wind ×3
    5. Con turret
    6. Wind ×4
    7. Energy storage
    8. Converter
    9. Wind ×3
    10. Energy storage
    11. Wind ×2
    12. Converter
    13. Wind ×9
    14. SentrySentry ×2
    15. Bot LabBot Labdone 7:10 · typical 5:36
  2. 2

    Bot Lab to 10:00

    Economy
    • Wind Turbine16Wind
    Builders
    • Construction Turret1 Con turret
    • Construction Bot2 Con bot
    Army
    • Tick1 Tick

    Some games also: Lazarus (47%) · converter (45%)

    By 10:00 in all: 4 mex · 31 wind · 1 tidal · 5 converter · 1 energy storage · 2 con turret

    The example game in this phase · 63 steps
    1. TickTick ×7
    2. Con turret
    3. TickTick ×21
    4. SentrySentry
    5. TickTick ×2
    6. Wind
    7. TickTick
    8. Radar TowerRadar Tower
    9. TickTick
    10. Wind
    11. TickTick ×2
    12. Wind
    13. Mex
    14. TickTick ×2
    15. Wind
    16. TickTick
    17. NettleNettle
    18. TickTick
    19. Wind
    20. TickTick ×2
    21. Wind
    22. NettleNettle
    23. TickTick ×2
    24. Wind
    25. TickTick ×3
    26. Wind
    27. SentrySentry
    28. TickTick ×2
    29. Wind
    30. TickTick ×2
    31. Wind
    32. TickTick ×2
    33. Wind
    34. TickTick ×2
    35. Wind
    36. TickTick ×2
    37. Wind
    38. TickTick ×2
    39. Wind
    40. TickTick ×2
    41. Wind
    42. TickTick ×3
    43. Wind
    44. TickTick ×2
    45. Con turret
    46. TickTick
    47. Advanced Metal ExtractorT2 mexdone 11:27 · typical 9:54
    48. TickTick ×6
    49. Energy storage
    50. TickTick
    51. NettleNettle
    52. Advanced Metal ExtractorT2 mex ×2
    53. Bot LabBot Labdone 12:45
    54. Advanced Metal ExtractorT2 mex
    55. Construction BotCon bot ×2
    56. Radar TowerRadar Tower
    57. Con turret
    58. TickTick ×6
    59. Fusion ReactorFusionnot finished by 15:00
    60. TickTick ×6
    61. CrossbowCrossbow
    62. Con turret
    63. CrossbowCrossbow

Counts are medians over the build's games: half of them build more, half fewer. The example game is [AFUS]Aleash's (47 OS, 22/08/2026); pick another.

Team trades

IN AT LEAST 30% OF ITS GAMES

You hand over

  • Tidal Generator8 Tidal to Suicide front or Frontfirst at 0:10 · in 90% of games

You get

  • Hercules1 Light transport from Air or Techfirst at 4:26 · in 30% of games
  • Hephaestus1 Heavy transport from Air or Techfirst at 4:43 · in 38% of games
  • Fatboy1 Fatboy from Techfirst at 5:03 · in 40% of games
  • Sharpshooter2 Sniper bot from Techfirst at 5:16 · in 42% of games
  • Advanced Construction Bot1 T2 con bot from Techfirst at 8:17 · in 93% of games

How it plays out

Typical game of this build, running totals by minute

Metal produced

010k20k
0:005:0010:0015:00

metal

Enemy metal destroyed

02k4k6k
0:005:0010:0015:00

metal

Own metal lost

02k4k
0:005:0010:0015:00

metal

560 games.

Show as table
ByMetal produced: This buildEnemy metal destroyed: This buildOwn metal lost: This build
1:0011500
2:0027300
3:0082000
4:00151000
5:00223100
6:00298500
7:0038494570
8:0047571239134
9:0057151964370
10:0069142772714
11:00841732701152
12:001038035821584
13:001269541901941
14:001506347542420
15:001770153163019
WHAT THE NUMBERS SAY

This is the role's standard support job, winning slightly under half its games while contributing modest kills for modest losses.

  • + Keeps own losses fairly low relative to kills (2827 destroyed vs 756 lost by 10:00).
  • + Reaches T2 constructor reliably (89% of games) by 8:10.
  • − Metal production trails other roles at 6855 by 10:00.
  • − No kills registered by 5:00, slow to impact the fight.
THE EXAMPLE YOU ARE READING

[AFUS]Aleash

46.7 OS · 22/08/2026

Open source match ↗

5 received units · includes a constructor
347 metal received · 75593 energy received

Allied construction assistance is unknown. Timings are observations, not a promise of solo reproducibility.

Typical milestones

Bot Lab5:36Middle 50%: 3:31–7:01 · n=503
Advanced Metal Extractor9:54Middle 50%: 8:59–10:38 · n=508

Played most by

Viltrum45games of this buildTeaner39games of this buildUsurpeR28games of this buildzeus_on_god23games of this buildRogShotz20games of this build